[Event "Early-Titled-Tuesday-Blitz-October-24-2023"]
[Site "Chess.com"]
[Date "2023.10.24"]
[Round "4"]
[White "alexrustemov"]
[Black "motivated_bishop"]
[Result "1-0"]
[WhiteElo "2774"]
[BlackElo "2544"]
[TimeControl "180+1"]
[EndTime "8:36:43 PDT"]
[Termination "alexrustemov won by resignation"]

1. d4 Nf6 2. c4 c5 3. d5 b5 4. cxb5 a6 5. e3 g6 6. Nc3 Bg7 7. a4 O-O 8. Nf3 axb5 9. Bxb5 Bb7 10. O-O e6 11. e4 exd5 12. exd5 d6 13. Bf4 Na6 14. Bc6 Rb8 15. Nb5 Ne8 16. Qd2 Bxc6 17. dxc6 Rb6 18. Rad1 Rxc6 19. Ne5 Rc8 20. Nc4 Nb4 21.
Bxd6 Nxd6 22. Qxd6 Qh4 23. b3 Rfd8 24. Qg3 Qxg3 25.
hxg3 Nc2 26. Rxd8+ Rxd8 27. Rc1 Nd4 28. Nxd4 cxd4 29.
Rd1 d3 30. g4 Bc3 31. Kf1 d2 32. Ke2 Bb4 33. Nxd2 Kg7 34. Nc4 Re8+ 35. Kf3 Rb8 36. Rd5 Bc3 37. Rb5 1-0

[Event "Early-Titled-Tuesday-Blitz-October-24-2023"]
[Site "Chess.com"]
[Date "2023.10.24"]
[Round "4"]
[White "GlavkonVVS"]
[Black "jk13"]
[Result "1-0"]
[WhiteElo "2525"]
[BlackElo "2675"]
[TimeControl "180+1"]
[EndTime "8:36:43 PDT"]
[Termination "GlavkonVVS won by checkmate"]

1. c4 e6 2. Nc3 Bb4 3. g3 Nf6 4. Bg2 O-O 5. Nf3 d5 6. O-O Re8 7. d4 b6 8. Ne5 Bb7 9. Qa4 Bd6 10. Bg5 c6 11. cxd5 cxd5 12. e4 h6 13. Bxf6 gxf6 14. Ng4 Bc6 15. Qd1 f5 16. exf5 Qg5 17. fxe6 fxe6 18.
f4 Qg7 19. Ne5 Bb7 20. Qh5 Nc6 21. Rad1 Ne7 22. Bh3 Nf5 23. Bxf5 exf5 24. Qxf5 Bc8 25. Qh5 Bxe5 26. Qxe8+ Kh7 27. Qxe5 Qg6 28. f5 Qg5 29. Nxd5 Ba6 30. h4 Qd8 31. Nf6+ Kh8 32. Nh5+ Kg8 33. Qg7# 1-0

[Event "Early-Titled-Tuesday-Blitz-October-24-2023"]
[Site "Chess.com"]
[Date "2023.10.24"]
[Round "4"]
[White "Boundless_Strike"]
[Black "cthulhuuu"]
[Result "1-0"]
[WhiteElo "2623"]
[BlackElo "2402"]
[TimeControl "180+1"]
[EndTime "8:36:47 PDT"]
[Termination "Boundless_Strike won by checkmate"]

1. d4 Nf6 2. f3 d5 3. e4 dxe4 4. Nc3 exf3 5. Nxf3 e6 6. Bd3 Be7 7. O-O c5 8. dxc5 Bxc5+ 9. Kh1 Nbd7 10. Qe1 O-O 11. Qh4 Re8 12. Bg5 Be7 13. Rad1 Qb6 14. Ne4 h6 15. Bxh6 gxh6 16. Qxh6 Ng4 17. Qh5 f5 18.
Qxe8+ Bf8 19. Neg5 Nde5 20. Nxe5 Nxe5 21. Rde1 Nxd3 22.
Qf7+ Kh8 23. Qh7# 1-0

[Event "Early-Titled-Tuesday-Blitz-October-24-2023"]
[Site "Chess.com"]
[Date "2023.10.24"]
[Round "4"]
[White "suspiciumchess"]
[Black "Payyappat"]
[Result "0-1"]
[WhiteElo "2298"]
[BlackElo "2501"]
[TimeControl "180+1"]
[EndTime "8:36:47 PDT"]
[Termination "Payyappat won on time"]

1. d4 Nf6 2. c4 c5 3. d5 e6 4. Nc3 exd5 5. cxd5 d6 6. Nf3 g6 7. Nd2 Bg7 8. e4 O-O 9. Be2 Re8 10. O-O Nbd7 11. a4 a6 12. Re1 Ne5 13. h3 Rb8 14. Qc2 Nh5 15. Bxh5 gxh5 16. f4 Ng6 17. Nf3 Qf6 18.
f5 Ne5 19. Kh1 Nxf3 20. gxf3 Bxf5 21. Qg2 Bg6 22. Bg5 Qd4 23. Rad1 Qb4 24. f4 f5 25. exf5 Bxf5 26. Bf6 Bg6 27. Bxg7 Kxg7 28. f5 Rxe1+ 29. Rxe1 Qh4 30. fxg6 Qxe1+ 31. Kh2 Rf8 32. gxh7+ Kxh7 33. Ne4 Rf4 34. Ng5+ Kh6 35. Nf3 Qe7 36. Qf2 Qe4 0-1

[Event "Early-Titled-Tuesday-Blitz-October-24-2023"]
[Site "Chess.com"]
[Date "2023.10.24"]
[Round "4"]
[White "AlmasRakhmatullaev"]
[Black "FairChess_on_YouTube"]
[Result "0-1"]
[WhiteElo "2824"]
[BlackElo "3097"]
[TimeControl "180+1"]
[EndTime "8:36:50 PDT"]
[Termination "FairChess_on_YouTube won by resignation"]

1. e4 c5 2. Nf3 g6 3. g3 Bg7 4.
Bg2 Nc6 5. O-O e5 6. c3 Nge7 7. Na3 O-O 8. d3 d5 9. Qe2 h6 10. h3 Re8 11. Rd1 Be6 12. Be3 b6 13. Nc2 Qd7 14.
Kh2 Rad8 15. a3 Qc7 16. b4 c4 17. exd5 Nxd5 18. Qe1 cxd3 19. Rxd3 e4 20. Rxd5 Bxd5 21. Nfd4 Ne5 22. Bf4 Qc8 23. Bxe5 Bxe5 24. Ne3 Bb7 25. Rd1 Bg7 26. h4 h5 27. Nb5 Rxd1 28. Qxd1 Rd8 29. Qc2 a6 30. Nd4 Bxd4 31. cxd4 Qxc2 32.
Nxc2 Kf8 33. Kg1 Ke7 34. Kf1 Rc8 35. Ne3 Rc3 36. a4 Ra3 37. d5 Rxa4 38. Bxe4 Bc8 39. Nc4 Rxb4 40. d6+ Ke6 0-1

[Event "Early-Titled-Tuesday-Blitz-October-24-2023"]
[Site "Chess.com"]
[Date "2023.10.24"]
[Round "4"]
[White "MatthewG-p4p"]
[Black "HajiyevKanan"]
[Result "1-0"]
[WhiteElo "2805"]
[BlackElo "2559"]
[TimeControl "180+1"]
[EndTime "8:36:50 PDT"]
[Termination "MatthewG-p4p won by resignation"]

1. e4 c6 2. d4 d5 3. exd5 cxd5 4. Bd3 Nc6 5. c3 Nf6 6. h3 g6 7.
Nf3 Bg7 8. O-O O-O 9. Re1 Bf5 10. Bf1 Qc7 11. Be3 Ne4 12. Nbd2 Rfe8 13. Nxe4 Bxe4 14. Nd2 Bf5 15. Qf3 Rad8 16. Nb3 e5 17. dxe5 Nxe5 18. Qg3 a6 19. Bf4 f6 20. Rad1 Qf7 21. Nd4 Bc8 22.
Nf3 Nc4 23. b3 Na3 24. Bc7 Rd7 25. Rxe8+ Qxe8 26. Bb6 Nb5 27. Re1 Re7 28. Rxe7 Qxe7 29. Qb8 Qe8 30. c4 dxc4 31. Bxc4+ Kh8 32. a4 Nc3 33. Be3 Ne4 34. Nd4 Qf8 35. Qc7 h5 36. a5 f5 37. Be6 Bxe6 38. Nxe6 Qg8 39. Nf4 Qf8 40. Nxg6+ 1-0

[Event "Early-Titled-Tuesday-Blitz-October-24-2023"]
[Site "Chess.com"]
[Date "2023.10.24"]
[Round "4"]
[White "Aswathchess"]
[Black "vladislavkovalev"]
[Result "1-0"]
[WhiteElo "2662"]
[BlackElo "2873"]
[TimeControl "180+1"]
[EndTime "8:36:51 PDT"]
[Termination "Aswathchess won by resignation"]

1. d4 Nf6 2. c4 e6 3. g3 d5 4.
Bg2 dxc4 5. Nf3 Bb4+ 6. Bd2 a5 7.
O-O O-O 8. a3 Bxd2 9. Nbxd2 b5 10. b3 cxb3 11. Qxb3 c6 12. Rfc1 Bb7 13. Qb2 Nbd7 14.
Ne1 Qb6 15. Nd3 Rfd8 16. e4 Nf8 17. Nb3 a4 18. Nbc5 N6d7 19. e5 Nxc5 20. Nxc5 Rac8 21.
Rd1 Qa7 22. Rac1 Nd7 23. Ne4 Nb6 24. Nd6 Rxd6 25. exd6 Nc4 26. Qb4 Ba6 27. Qc5 Qd7 28.
Rxc4 bxc4 29. Rb1 Bb5 30. h4 Rd8 31. d5 exd5 32. Bxd5 cxd5 33. Rxb5 Rc8 34. Qxd5 c3 35. Rb7 Qd8 36. Qxf7+ 1-0

[Event "Early-Titled-Tuesday-Blitz-October-24-2023"]
[Site "Chess.com"]
[Date "2023.10.24"]
[Round "4"]
[White "Fonsofan"]
[Black "noblerone"]
[Result "1-0"]
[WhiteElo "2731"]
[BlackElo "2521"]
[TimeControl "180+1"]
[EndTime "8:36:51 PDT"]
[Termination "Fonsofan won by resignation"]

1. e4 d5 2. exd5 Qxd5 3. Nc3 Qd8 4. g3 c6 5. Bg2 Nf6 6. b4 a6 7. Rb1 Bf5 8. Nge2 e6 9. a4 Be7 10. O-O O-O 11. d3 Qc7 12. b5 axb5 13. axb5 Ra5 14.
Bd2 Ra3 15. h3 Nd5 16. bxc6 bxc6 17. Nxd5 cxd5 18. Nd4 Qd8 19. Nxf5 exf5 20. Rb5 d4 21. Rxf5 Nd7 22. Rd5 Ra4 23. Qg4 Ra7 24. Re1 Bf6 25.
Bb4 Re8 26. Be4 Ne5 27. Rxd8 1-0

[Event "Early-Titled-Tuesday-Blitz-October-24-2023"]
[Site "Chess.com"]
[Date "2023.10.24"]
[Round "4"]
[White "Vesper2018"]
[Black "KVAIDAN"]
[Result "1-0"]
[WhiteElo "2584"]
[BlackElo "2372"]
[TimeControl "180+1"]
[EndTime "8:36:54 PDT"]
[Termination "Vesper2018 won by checkmate"]

1. e4 e5 2. Nf3 d5 3. Nxe5 Bd6 4. d4 dxe4 5. Nc4 Nf6 6. Be2 Nc6 7. Be3 Bf5 8. O-O Qd7 9. Nxd6+ Qxd6 10. c4 O-O-O 11. d5 Ne5 12. h3 a6 13. Nc3 h5 14. c5 Qe7 15. c6 Nxc6 16. Qa4 Nxd5 17. Bxa6 Nxc3 18. bxc3 Qe6 19. Bc4 Qg6 20. Qa8+ Nb8 21.
Rab1 b6 22. Rfd1 Rd6 23. Bf4 Rd3 24. Ba6+ Kd7 25. Bxd3 exd3 26. Qd5+ Kc8 27. Qe5 Kd7 28. Qxc7+ Ke6 29. Qd6# 1-0

[Event "Early-Titled-Tuesday-Blitz-October-24-2023"]
[Site "Chess.com"]
[Date "2023.10.24"]
[Round "4"]
[White "rajesh1464"]
[Black "dosto07"]
[Result "0-1"]
[WhiteElo "2307"]
[BlackElo "2503"]
[TimeControl "180+1"]
[EndTime "8:37:00 PDT"]
[Termination "dosto07 won by resignation"]

1. d4 d5 2. Nc3 Nf6 3. Bf4 c6 4. e3 Bf5 5. Bd3 Bxd3 6. cxd3 e6 7. Nf3 Bd6 8. Ne5 O-O 9. O-O Qe7 10. Bg3 Nbd7 11. f4 a6 12. Bh4 Qe8 13. g4 g6 14.
Bxf6 Nxf6 15. g5 Nh5 16. Ng4 f6 17. h4 e5 18. Ne2 exf4 19. Nxf4 Bxf4 20. exf4 fxg5 21.
fxg5 Qe6 22. Nh6+ Kg7 23. Qg4 Qe3+ 24. Kh2 Qd2+ 25. Kh1 Qxd3 26. Rfe1 Qf3+ 27. Qxf3 Rxf3 28. Re7+ Kh8 29. Rae1 Raf8 30. Rxb7 Ng3+ 31. Kg2 Ne4 32. Ng4 Rg3+ 33. Kh2 Rxg4 0-1

[Event "Early-Titled-Tuesday-Blitz-October-24-2023"]
[Site "Chess.com"]
[Date "2023.10.24"]
[Round "4"]
[White "dapsay"]
[Black "profedechess93"]
[Result "0-1"]
[WhiteElo "2401"]
[BlackElo "2605"]
[TimeControl "180+1"]
[EndTime "8:37:01 PDT"]
[Termination "profedechess93 won by resignation"]

1. Nf3 d5 2. g3 Nf6 3. Bg2 c6 4.
d3 g6 5. O-O Bg7 6. Nbd2 O-O 7. e4 a5 8. a4 Na6 9. e5 Ne8 10. d4 c5 11. c3 cxd4 12. cxd4 Nb4 13. Ra3 Bf5 14. Rc3 Rc8 15. Nh4 Bc2 16. Qf3 Bxa4 17. Re1 Nc2 18. Rf1 Nxd4 19. Qxd5 Ne2+ 20. Kh1 Nxc3 21. Qxd8 Rxd8 22. bxc3 Bc6 23. f4 Bb5 24. Re1 Ba6 25. Ne4 Nc7 26. Nc5 Nd5 27. c4 Nb4 28.
Nxb7 Bxb7 29. Bxb7 Rb8 30. Be4 Rfc8 31. Be3 Rxc4 32. Bf3 Nc2 33. Re2 Rb1+ 34. Kg2 a4 35. Bd5 Nxe3+ 36. Rxe3 Rc2+ 37. Kh3 Rbb2 38. Nf3 e6 39. Be4 Re2 40. Rxe2 Rxe2 41. Bc6 a3 42. Nd4 Rb2 0-1

[Event "Early-Titled-Tuesday-Blitz-October-24-2023"]
[Site "Chess.com"]
[Date "2023.10.24"]
[Round "4"]
[White "DonCiao"]
[Black "alfianasybullina"]
[Result "0-1"]
[WhiteElo "2128"]
[BlackElo "2293"]
[TimeControl "180+1"]
[EndTime "8:37:02 PDT"]
[Termination "alfianasybullina won on time"]

1. c4 e5 2. g3 d6 3. Bg2 g6 4. Nc3 Bg7 5. e4 Ne7 6. Nge2 Nbc6 7. d3 h5 8. h4 Nd4 9. Nxd4 exd4 10. Ne2 c5 11.
Bg5 Qa5+ 12. Qd2 Qxd2+ 13. Kxd2 Nc6 14. Bf4 Ne5 15. f3 O-O 16. Bh3 Nxf3+ 17. Kc2 Ne5 18.
Bxc8 Rfxc8 19. Rhg1 a6 20. Bg5 b5 21. b3 f6 22. Bd2 Nf3 23. Rgf1 Nxd2 24. Kxd2 Bh6+ 25. Kc2 Rf8 26. Rf3 Rf7 27. Raf1 Raf8 28. Ng1 Be3 29. Nh3 Kg7 30. Nf4 Bxf4 31. gxf4 f5 32.
Re1 fxe4 33. Rxe4 Kf6 34. cxb5 axb5 35. Kb2 Re7 36. Rf1 Rxe4 37. dxe4 Re8 38. Re1 b4 39. Kc2 Ke6 40. Kd3 Rf8 41. Rf1 d5 42. e5 Ra8 43.
Rf2 Kf5 44. Rg2 Kxf4 45. e6 Kf5 46. e7 Kf6 0-1

[Event "Early-Titled-Tuesday-Blitz-October-24-2023"]
[Site "Chess.com"]
[Date "2023.10.24"]
[Round "4"]
[White "gpsji27"]
[Black "GlacierGambit"]
[Result "1-0"]
[WhiteElo "2283"]
[BlackElo "2110"]
[TimeControl "180+1"]
[EndTime "8:37:02 PDT"]
[Termination "gpsji27 won by resignation"]

1. d4 e6 2. e4 d5 3. Nc3 Nf6 4. Bg5 dxe4 5. Nxe4 Nbd7 6. Nf3 Be7 7. Nxf6+ Bxf6 8.
Bxf6 Qxf6 9. c3 O-O 10. Bd3 e5 11. O-O exd4 12. Nxd4 Ne5 13. Bc2 Bg4 14. f3 Bh5 15.
Re1 Rfe8 16. Bb3 Rad8 17. Qc2 c5 18. Nb5 Bxf3 19. Rf1 a6 20. Nc7 c4 21. Nxe8 Rxe8 22.
Bxc4 Qb6+ 23. Kh1 Bxg2+ 24. Qxg2 Nxc4 25. Rae1 Rf8 26. Rxf7 Ne3 27. Rxf8+ Kxf8 28. Qf2+ Kg8 29. Qxe3 1-0

[Event "Early-Titled-Tuesday-Blitz-October-24-2023"]
[Site "Chess.com"]
[Date "2023.10.24"]
[Round "4"]
[White "DavidLana1987"]
[Black "Dewarfd"]
[Result "1-0"]
[WhiteElo "2591"]
[BlackElo "2174"]
[TimeControl "180+1"]
[EndTime "8:37:04 PDT"]
[Termination "DavidLana1987 won by resignation"]

1. e4 e5 2. Nf3 Nc6 3. Bb5 Nf6 4. O-O Nxe4 5. d4 Nd6 6. dxe5 Nxb5 7. a4 Nbd4 8. Nxd4 Nxd4 9. Qxd4 d5 10. exd6 Qxd6 11. Qe4+ Be6 12. Qxb7 Bd5 13. Qb5+ c6 14. Qb7 Rb8 15.
Re1+ Be6 16. Qxa7 Be7 17. Nc3 O-O 18. Rd1 Bd5 19. Be3 Rxb2 20. Nxd5 cxd5 21. Qd4 Rxc2 22. Qxd5 Qxd5 23. Rxd5 Bf6 24. Rad1 Ra8 25. a5 h6 26. Bb6 Ra2 27. g3 Bc3 28. Rd8+ Rxd8 29. Rxd8+ Kh7 30. Ra8 Rd2 31. a6 Bd4 32. Bxd4 Rxd4 33. Rc8 Ra4 34.
Rc6 f6 35. h4 h5 36. Kg2 Kg6 37. Kf3 Kf5 38. Ke3 g5 39. hxg5 fxg5 40. Kf3 Ra3+ 41. Kg2 Ra2 42. Rb6 g4 43. Rb5+ Kg6 44. Rb6+ Kf5 45.
Kf1 Kg5 46. Ke1 Kf5 47. Rd6 Ke5 48. Rh6 Rxa6 49. Rxa6 Ke4 50. Ke2 h4 51. Ra4+ Kf5 52.
gxh4 Kg6 53. Rxg4+ Kh5 54. Rg1 Kh6 55. f4 Kh5 56. f5 Kh6 57. f6 Kh5 58. Kf3 Kh6 59.
Kf4 Kh5 60. Kf5 Kh6 61. Rg7 1-0

[Event "Early-Titled-Tuesday-Blitz-October-24-2023"]
[Site "Chess.com"]
[Date "2023.10.24"]
[Round "4"]
[White "Russian_berezka"]
[Black "ErikRonka"]
[Result "1-0"]
[WhiteElo "2694"]
[BlackElo "2512"]
[TimeControl "180+1"]
[EndTime "8:37:06 PDT"]
[Termination "Russian_berezka won by resignation"]

1. d4 d5 2. c4 c6 3. Nc3 Nf6 4.
Nf3 e6 5. cxd5 exd5 6. Bf4 Bd6 7. Bxd6 Qxd6 8. e3 Bf5 9. Nh4 Be6 10. Qc2 O-O 11. Bd3 Nbd7 12. h3 Rfe8 13. O-O g6 14. Nf3 Kg7 15. Rab1 a5 16. Rfc1 Ng8 17. e4 dxe4 18.
Nxe4 Qb4 19. a3 Qb3 20. Qd2 Qb6 21. b4 axb4 22. axb4 Ngf6 23. Nc5 Bd5 24. Qf4 Qa7 25. Ne5 Nf8 26. b5 cxb5 27. Bxb5 Rec8 28. Bc4 Bxc4 29.
Rxb7 Qa2 30. Rxc4 Rd8 31. Rxf7+ Kg8 32. Qxf6 1-0

[Event "Early-Titled-Tuesday-Blitz-October-24-2023"]
[Site "Chess.com"]
[Date "2023.10.24"]
[Round "4"]
[White "Savagelittlemole"]
[Black "ZeGood_ZeBad_ZeUgly"]
[Result "1-0"]
[WhiteElo "2516"]
[BlackElo "2333"]
[TimeControl "180+1"]
[EndTime "8:37:06 PDT"]
[Termination "Savagelittlemole won on time"]

1. d4 d5 2. Nf3 Nf6 3. c4 c6 4.
Nc3 e6 5. Bg5 Nbd7 6. e3 Qa5 7.
a3 Ne4 8. b4 Bxb4 9. axb4 Qxb4 10. Nd2 Nxg5 11. Qb3 Qxb3 12. Nxb3 b6 13. c5 bxc5 14.
dxc5 Kd8 15. h4 Ne4 16. Nxe4 dxe4 17. Be2 Kc7 18. O-O Ne5 19. Rfb1 Rd8 20. Ra4 f5 21.
Rba1 a6 22. Bxa6 Bxa6 23. Rxa6 Rxa6 24. Rxa6 Ng4 25. Nd4 Rb8 26. g3 Rb2 27. Rxc6+ Kd7 28. Rd6+ Ke7 29. Rxe6+ Kf7 30. c6 Nxf2 31. c7 Nh3+ 32. Kf1 Rb1+ 33. Ke2 Rc1 34. Rc6 Ng1+ 35. Kd2 Nf3+ 36. Kxc1 1-0

[Event "Early-Titled-Tuesday-Blitz-October-24-2023"]
[Site "Chess.com"]
[Date "2023.10.24"]
[Round "4"]
[White "PinaSoprano"]
[Black "Bilan_Danila"]
[Result "0-1"]
[WhiteElo "2201"]
[BlackElo "2407"]
[TimeControl "180+1"]
[EndTime "8:37:09 PDT"]
[Termination "Bilan_Danila won by resignation"]

1. d4 d5 2. c4 c6 3. Nc3 Nf6 4. Nf3 e6 5. e3 Nbd7 6. Be2 Bd6 7. O-O O-O 8. b3 dxc4 9. bxc4 e5 10. Qc2 Qe7 11. h3 Re8 12. Bb2 e4 13. Nd2 Nf8 14.
d5 Ng6 15. c5 Be5 16. d6 Qd8 17. Nc4 Bf5 18. Nxe5 Nxe5 19. Rad1 Qd7 20. Na4 Bxh3 21. gxh3 Qxh3 22. f4 exf3 23. Bxf3 Nxf3+ 24. Rxf3 Qxf3 25. Bxf6 Qxf6 0-1

[Event "Early-Titled-Tuesday-Blitz-October-24-2023"]
[Site "Chess.com"]
[Date "2023.10.24"]
[Round "4"]
[White "Byniolus"]
[Black "HATilay"]
[Result "1-0"]
[WhiteElo "2797"]
[BlackElo "2554"]
[TimeControl "180+1"]
[EndTime "8:37:10 PDT"]
[Termination "Byniolus won by resignation"]

1. d4 Nf6 2. Nf3 d5 3. Bf4 c5 4. c3 Nc6 5. Nbd2 e6 6. e3 cxd4 7. cxd4 Be7 8. Bd3 O-O 9. h3 Bd7 10. O-O Rc8 11. a3 Na5 12. Ne5 Be8 13. b4 Nc6 14. Qb3 Nxe5 15. Bxe5 Nd7 16. Bg3 Nb6 17. a4 a6 18. a5 Nc4 19. Nxc4 dxc4 20.
Bxc4 Rxc4 21. Qxc4 Bb5 22. Qb3 Bxf1 23. Rxf1 Qd7 24. Rc1 Qb5 25. Rc4 b6 26. axb6 a5 27. b7 Qxb7 28. b5 Qd5 29. Qa4 Qd7 30. Qxa5 Qd5 31.
Qa4 Bd8 32. Rc8 Qe4 33. Qa8 Qb1+ 34. Kh2 Be7 1-0

[Event "Early-Titled-Tuesday-Blitz-October-24-2023"]
[Site "Chess.com"]
[Date "2023.10.24"]
[Round "4"]
[White "MasterKroket"]
[Black "MatyChess1"]
[Result "0-1"]
[WhiteElo "2529"]
[BlackElo "2750"]
[TimeControl "180+1"]
[EndTime "8:37:10 PDT"]
[Termination "MatyChess1 won by resignation"]

1. e4 c6 2. d4 d5 3. Nc3 dxe4 4. Nxe4 Nf6 5. Nxf6+ exf6 6. c3 Bd6 7. Bd3 O-O 8.
Ne2 Re8 9. Be3 Na6 10. Qc2 h5 11. O-O-O h4 12. g3 h3 13. Bf5 Nc7 14. Rhe1 Nd5 15. Bd2 b5 16. Ng1 Rxe1 17. Rxe1 a5 18. Bxh3 a4 19. a3 Bxh3 20. Nxh3 Qd7 21. Ng1 g6 22. Qe4 Kg7 23. h4 f5 24. Qe2 Nf6 25. Nh3 Re8 26. Qd1 Ne4 27. Qf3 c5 28. Ng5 Nxd2 29. Kxd2 cxd4 30. cxd4 Bb4+ 31. axb4 Qxd4+ 32. Qd3 Qxb2+ 0-1

[Event "Early-Titled-Tuesday-Blitz-October-24-2023"]
[Site "Chess.com"]
[Date "2023.10.24"]
[Round "4"]
[White "pedro_gines"]
[Black "ama18"]
[Result "1-0"]
[WhiteElo "2745"]
[BlackElo "2525"]
[TimeControl "180+1"]
[EndTime "8:37:10 PDT"]
[Termination "pedro_gines won by resignation"]

1. d4 Nf6 2. c4 e6 3. Nf3 d5 4. g3 dxc4 5. Bg2 c6 6. O-O b5 7.
a4 Bb7 8. Ne5 a6 9. b3 cxb3 10.
Qxb3 Qxd4 11. Bb2 Qb4 12. Qc2 Qc5 13. Qb3 Qb4 14. Qc2 Qc5 15. Qd3 Qd6 16. Qe3 Qc7 17.
axb5 axb5 18. Rxa8 Bxa8 19. Nc3 Bd6 20. Nxb5 cxb5 21.
Rc1 Qd8 22. Bxa8 O-O 23. Bf3 Qa5 24. Kg2 Qb4 25. Nd3 Qb3 26. Bxf6 gxf6 27. Qh6 f5 28. Qg5+ Kh8 29. Qf6+ Kg8 30. Rc3 Qa4 31. Qg5+ Kh8 32. Qf6+ Kg8 33. Nc5 Bxc5 34. Rxc5 Nd7 35. Qg5+ Kh8 36.
Rc7 Qd4 37. Qe7 Kg7 38. Rxd7 Qe5 39. Qg5+ Kh8 40. Qh6 Kg8 41. Rb7 Qc5 42. Qg5+ Kh8 43. Qf6+ Kg8 44. h4 b4 45. h5 1-0

[Event "Early-Titled-Tuesday-Blitz-October-24-2023"]
[Site "Chess.com"]
[Date "2023.10.24"]
[Round "4"]
[White "ViktoriyaTarasova"]
[Black "El_Matador12"]
[Result "0-1"]
[WhiteElo "2376"]
[BlackElo "2601"]
[TimeControl "180+1"]
[EndTime "8:37:10 PDT"]
[Termination "El_Matador12 won on time"]

1. d4 d5 2. c4 c6 3. Nf3 Nf6 4. Nc3 a6 5. e3 b5 6. b3 Bg4 7. Be2 e6 8. O-O Nbd7 9. Bb2 Bd6 10. h3 Bh5 11. Ne5 Bxe2 12. Nxe2 Bxe5 13. dxe5 Ne4 14. cxd5 cxd5 15. f3 Nec5 16. f4 O-O 17. Nd4 Ne4 18. f5 Qg5 19. Rf4 Rfe8 20. h4 Qh6 21. Nf3 Rac8 22. Bd4 b4 23. g4 exf5 24.
gxf5 Qc6 25. Qf1 Qc2 26. Rg4 f6 27. e6 Ndc5 28. h5 h6 29. Rc1 Qxa2 30. Nh4 Nxb3 31. Rxc8 Rxc8 0-1

[Event "Early-Titled-Tuesday-Blitz-October-24-2023"]
[Site "Chess.com"]
[Date "2023.10.24"]
[Round "4"]
[White "zeebraa"]
[Black "ChessBliss09"]
[Result "1-0"]
[WhiteElo "2266"]
[BlackElo "2022"]
[TimeControl "180+1"]
[EndTime "8:37:10 PDT"]
[Termination "zeebraa won on time"]

1. d4 d5 2. Bf4 Nf6 3. e3 c5 4.
Nf3 Nc6 5. Nbd2 Bf5 6. dxc5 e6 7. Nd4 Bg4 8. f3 Bh5 9. Bb5 Rc8 10. b4 Nd7 11. Nxc6 bxc6 12. Ba6 Rb8 13. Bxb8 Qxb8 14. a3 Qe5 15. O-O Qxe3+ 16. Kh1 Be7 17. Re1 Qf4 18.
c4 Bf6 19. cxd5 cxd5 20. Rc1 O-O 21. c6 Nb6 22. c7 Nc8 23. Qa4 Qxd2 24. Bxc8 Qf4 25.
Qc2 Rxc8 26. Qe2 Rxc7 27. Rxc7 Qxc7 28. Qd2 h6 29. Rc1 Qd7 30. Qc2 Bg6 31. Qc7 Qb5 32.
Qxa7 Qe2 33. Qg1 1-0

[Event "Early-Titled-Tuesday-Blitz-October-24-2023"]
[Site "Chess.com"]
[Date "2023.10.24"]
[Round "4"]
[White "Levanzovsky"]
[Black "kidagent"]
[Result "1-0"]
[WhiteElo "2482"]
[BlackElo "2278"]
[TimeControl "180+1"]
[EndTime "8:37:11 PDT"]
[Termination "Levanzovsky won by resignation"]

1. e4 c6 2. c4 d5 3. cxd5 cxd5 4. exd5 Nf6 5. Nc3 Nxd5 6. Nf3 Nc6 7. d4 Bg4 8. Qb3 Bxf3 9. gxf3 e6 10. Qxb7 Nxd4 11.
Bb5+ Nxb5 12. Qc6+ Ke7 13. Qxb5 Qd7 14. Nxd5+ Qxd5 15. Bg5+ f6 16. Qxd5 exd5 17. Be3 Ke6 18. O-O-O Bb4 19.
a3 Rhc8+ 20. Kb1 Bc5 21. Rhe1 Bxe3 22. Rxe3+ Kd6 23. Rde1 Rc4 24. Re6+ Kc5 25. Re7 Rh4 26. Rxg7 Rxh2 27. Re3 Rxf2 28. Rc3+ Kd4 29. Rxh7 Rb8 30.
Rc2 Rxf3 31. Rxa7 f5 32. Rd7 Rd3 33. Rf7 Rf3 34. Ka2 Kd3 35. Rc3+ Ke4 36. Rxf3 Kxf3 37. Rxf5+ Ke4 38. Rf7 d4 39. Re7+ Kd3 40. b4 Kc2 41.
Rc7+ Kd2 42. Kb3 d3 43. a4 Rd8 44. a5 Ke1 45. Re7+ Kf2 46. Rf7+ Ke3 47. b5 d2 48. Rf1 d1=Q+ 49. Rxd1 Rxd1 50. a6 Kd4 51. a7 Ra1 52. b6 Kc5 53. b7 Rxa7 54. b8=Q Ra5 55. Qb4+ 1-0

[Event "Early-Titled-Tuesday-Blitz-October-24-2023"]
[Site "Chess.com"]
[Date "2023.10.24"]
[Round "4"]
[White "BJthechessgod"]
[Black "randomo"]
[Result "1-0"]
[WhiteElo "2388"]
[BlackElo "2271"]
[TimeControl "180+1"]
[EndTime "8:37:12 PDT"]
[Termination "BJthechessgod won on time"]

1. e4 e5 2. Nf3 Nc6 3. Bc4 Bc5 4.
d3 Qf6 5. c3 h6 6. a4 a5 7.
Nbd2 d6 8. O-O Nge7 9. Re1 g5 10. Nb3 g4 11. Nxc5 gxf3 12. Nb3 Rg8 13. g3 Ng6 14.
Nd2 Bg4 15. Nf1 h5 16. Ne3 Be6 17. Nd5 Bxd5 18. exd5 Nce7 19. d4 h4 20. dxe5 Nxe5 21. Qd4 Nf5 22. Qf4 O-O-O 23. Bf1 Rg4 24. Qd2 Rdg8 25.
Bh3 hxg3 26. hxg3 Nxg3 27. fxg3 Kb8 28. Bxg4 Nxg4 29. Rf1 1-0

[Event "Early-Titled-Tuesday-Blitz-October-24-2023"]
[Site "Chess.com"]
[Date "2023.10.24"]
[Round "4"]
[White "Mistango"]
[Black "DopplerCharlotteDeWitte"]
[Result "1/2-1/2"]
[WhiteElo "2561"]
[BlackElo "2781"]
[TimeControl "180+1"]
[EndTime "8:37:13 PDT"]
[Termination "Game drawn by repetition"]

1. e4 c5 2. d4 cxd4 3. c3 e6 4.
Nf3 d5 5. exd5 exd5 6. Nxd4 Nc6 7. Be2 Bd6 8. Bf3 Nf6 9. Be3 O-O 10. Nd2 Ne5 11. O-O h6 12. h3 Re8 13. Re1 Nd3 14. Re2 Nxb2 15. Qb3 Nd3 16. Nb5 Bf8 17. Bxa7 Ne5 18. Rae1 Nxf3+ 19. Nxf3 Rxe2 20. Rxe2 Bd7 21. Bd4 Qa5 22. Rb2 Bxb5 23. Qxb5 Qxb5 24. Rxb5 Rxa2 25. Bxf6 gxf6 26. Rxd5 Ra1+ 27. Kh2 Rc1 28. Rd7 Rxc3 29. Nh4 b5 30. Nf5 Rc5 31. g4 Rc8 32. Rb7 b4 33. Kg3 h5 34. Kh4 hxg4 35. hxg4 Ra8 36. Kg3 Rc8 37. Kh4 Rd8 38. Kh3 Rd3+ 39. Kh4 b3 40.
Rb8 Rf3 41. Ne7+ Kg7 42. Nf5+ Kg8 43. Ne7+ Kg7 44. Nf5+ Kg8 1/2-1/2

[Event "Early-Titled-Tuesday-Blitz-October-24-2023"]
[Site "Chess.com"]
[Date "2023.10.24"]
[Round "4"]
[White "WFM_Sara_Adel"]
[Black "NovikovaGalina"]
[Result "0-1"]
[WhiteElo "2182"]
[BlackElo "2440"]
[TimeControl "180+1"]
[EndTime "8:37:13 PDT"]
[Termination "NovikovaGalina won by resignation"]

1. e4 e5 2. Nf3 Nc6 3. Bc4 Nf6 4. Ng5 d5 5. exd5 b5 6. Bxb5 Qxd5 7. Bxc6+ Qxc6 8. O-O h6 9. Nf3 Bg4 10. Nxe5 Bxd1 11.
Nxc6 Bxc2 12. Re1+ Kd7 13. Ne5+ Kc8 14. Nxf7 Rg8 15.
Nc3 Bc5 16. d4 Bxd4 17. Nb5 Bb6 18. Bf4 Rf8 19. Re7 Nd5 20. Rc1 Nxe7 21. Rxc2 Kb7 22. Bxc7 Bxc7 23. Rxc7+ Kb6 24. Nfd6 a6 25. Rb7+ Kc6 26.
Rxe7 axb5 27. Ne4 Rxa2 28. g3 Rxb2 29. Re5 b4 30. Rc5+ Kb6 31. Rd5 Rb1+ 32. Kg2 b3 33. Rd6+ Kc7 34. Rd3 b2 35. Rb3 Rb8 36. Rc3+ Kd8 37.
Nd2 Rd1 38. Rd3+ Ke8 39. Re3+ Kf8 40. Rf3+ Kg8 0-1

[Event "Early-Titled-Tuesday-Blitz-October-24-2023"]
[Site "Chess.com"]
[Date "2023.10.24"]
[Round "4"]
[White "Buzhizhebuguai"]
[Black "JoliyRoger"]
[Result "0-1"]
[WhiteElo "2625"]
[BlackElo "2463"]
[TimeControl "180+1"]
[EndTime "8:37:14 PDT"]
[Termination "JoliyRoger won by resignation"]

1. Nf3 Nf6 2. g3 c5 3. c4 Nc6 4. Bg2 e6 5. O-O Be7 6. d4 cxd4 7.
Nxd4 O-O 8. Nc3 Ne5 9. b3 d6 10. Bb2 a6 11. e3 Qc7 12. Rc1 Rb8 13. Qe2 Re8 14. Rfd1 Bf8 15. h3 h6 16. a3 Ng6 17.
b4 Ne5 18. Na4 Bd7 19. b5 Qa5 20. Nc3 Rec8 21. Nb3 Qc7 22. Ne4 Nxe4 23. Bxe4 Nxc4 24. Bb1 axb5 25. Nd4 Qa5 26. Qd3 g6 27. Bc3 Qxa3 28. Nc2 Qa7 29. Nb4 d5 30. h4 h5 31. Qe2 Na3 32.
Na2 Nxb1 33. Rxb1 Rc4 34. Qb2 Rbc8 35. Bd4 Qa3 0-1